 Dungeon Crawl Stone Soup version 0.29.1-2-gbd0b4ee654 (webtiles) character file.

Game seed: 1646557385935909890

405 leafyfresh the Ducker (level 7, -1/45 HPs)
             Began as a Djinni Ice Elementalist on Nov 26, 2022.
             Blown up by Ijyb (13 damage)
             ... with a mindburst bolt
             ... on level 4 of the Dungeon.
             The game lasted 00:08:53 (5471 turns).

leafyfresh the Ducker (Djinni Ice Elementalist)     Turns: 5471, Time: 00:08:54

Health: -1/45      AC: 11    Str:  7    XL:     7   Next: 12%
Gold:   207        EV: 14    Int: 24    God:
                   SH:  0    Dex: 14

rFire   + + +      SeeInvis .   t - +0 rapier
rCold   x . .      Faith    .   (no shield)
rNeg    . . .      Spirit   .   c - +2 robe {rF+}
rPois   ∞          Reflect  .   (no helmet)
rElec   .          Harm     .   (no cloak)
rCorr   .          Rampage  .   (no gloves)
Will    .....                   (boots unavailable)
Stlth   ++........              (no amulet)
HPRegen 0.15/turn               p - +6 ring of intelligence
MPRegen 0.00/turn               u - ring of wizardry

@: ice-armoured, about to teleport, flying
A: sickness immunity, fire resistance 2, cold vulnerability 1, float, innate
caster, HP casting, extra vitality 1
a: no special abilities


You were on level 4 of the Dungeon.
You visited 1 branch of the dungeon, and saw 4 of its levels.

You collected 235 gold pieces.
You spent 28 gold pieces at shops.

Inventory:

Hand Weapons
 g - a +0 club
 t - a +0 rapier (weapon)
 v - a +2 dagger of draining
Armour
 c - a +2 robe of fire resistance (worn)
 i - an orb of guile
Jewellery
 a - an amulet of faith
 o - a +4 ring of evasion
 p - a +6 ring of intelligence (left hand)
 u - a ring of wizardry (right hand)
Scrolls
 b - a scroll of brand weapon
 d - a scroll of blinking
 e - 2 scrolls of fear
 h - a scroll of enchant weapon
 k - a scroll of immolation {unknown}
 m - a scroll of magic mapping {unknown}
 q - 2 scrolls of identify
 r - 2 scrolls of noise
Potions
 j - a potion of might {unknown}
 l - a potion of heal wounds {unknown}
 n - a potion of curing {unknown}
 s - a potion of ambrosia {unknown}
 w - a potion of lignification {unknown}


   Skills:
 + Level 5.7 Dodging
 - Level 1.5 Stealth
 + Level 4.9 Spellcasting


You couldn't memorise any spells.
You knew the following spells:

 Your Spells              Type           Power      Damage    Failure   Level
a - Freeze                Ice            100%       1d11      1%          1
b - Frozen Ramparts       Ice            58%        1d9       1%          3
c - Ozocubu's Armour      Ice            29%        N/A       1%          3
d - Hailstorm             Conj/Ice       29%        3d8       4%          4
e - Necrotise             Necr           100%       1d9       1%          1
f - Call Imp              Summ           29%        N/A       1%          2
g - Ensorcelled Hibernat  Hex/Ice        58%        N/A       1%          2
Your spell library was empty.

Dungeon Overview and Level Annotations

Branches:
Dungeon (4/15)
 Temple: D:4-7

Altars:
Ashenzari

Shops:
D:3 ?

Annotations:
D:4 Eustachio, Ijyb


Innate Abilities, Weirdness & Mutations

You are immune to sickness and miasma.
You are immune to poison.
Your flesh is very heat resistant. (rF++)
You are vulnerable to cold. (rC-)
You float through the air rather than walking.
You learn spells naturally, not from books.
Your magical power is your life essence.
You have superior vitality. (+4 MHP)


Message History

The wall freezes the hound.
The hound bites you.
Casting: Frozen Ramparts (safe; 1% risk of failure)
Confirm with . or Enter, or press ? or * to list all spells.
Casting: Hailstorm (dangerous; 4% risk of failure)
Press: ? - help, Dir - look around, f - activate A cannonade of hail descends around you!
The hail pelts the jelly!
The jelly is almost dead.
The wall freezes the hound.
You kill the hound!
You have reached level 7!
The power to cast Ensorcelled Hibernation wells up from within.
Spell assigned to 'g'.
Casting: Hailstorm (dangerous; 4% risk of failure)
Confirm with . or Enter, or press ? or * to list all spells.
Casting: Hailstorm (dangerous; 4% risk of failure)
Press: ? - help, Dir - look around, f - activate A cannonade of hail descends around you!
The hail pelts the jelly!
You kill the jelly!
Unknown command.
Unknown command.
You start resting.
The frozen ramparts melt away.
You start resting.
Ijyb is nearby!
Ijyb shouts!
Ijyb zaps a wand.
Your mind is blasted!
Ijyb screams, "You nasty!
Big nasty!"
Ijyb zaps a wand.
Your mind is blasted!
As you read the scroll of teleportation, it crumbles to dust.
You feel strangely unstable.
Ijyb screams, "No!
No, no, no, no!"
Unknown command.
Casting: Hailstorm (dangerous; 4% risk of failure)
Confirm with . or Enter, or press ? or * to list all spells.
A film of ice covers your body!
* * * LOW HITPOINT WARNING * * *
Ijyb zaps a wand.
Your mind is blasted!
You die...

......................#
....<....####################
............................#
.........#...#...#...#...#..#
..........................._#
.........#...#...#...#...#..#
............................#
.........####################
................@#
............g..###
.........#.....###
....>...#........#
........##......##
.......####.##### .##....#
### # #...## ##.##


You could see Ijyb.

Vanquished Creatures
  A scorpion (D:4)
  2 jellies (D:4)
  A hound (D:4)
  2 orc priests (D:4)
  2 orc wizards (D:4)
  5 adders
  2 worms (D:3)
  2 dart slugs
  7 orcs
  9 ball pythons
  8 endoplasms
  2 giant cockroaches
  10 goblins
  7 hobgoblins
  6 jackals
  6 kobolds
  3 quokkas (D:1)
  5 bats
  3 frilled lizards
  5 rats
88 creatures vanquished.

Notes
Turn   | Place    | Note
-------+----------+-------------------------------------------
     0 | D:1      | leafyfresh the Djinni Ice Elementalist began the quest for
                  | the Orb.
     0 | D:1      | leafyfresh set off with the following spells memorised:
                  | Freeze, Frozen Ramparts, Ozocubu's Armour, Hailstorm.
     0 | D:1      | Reached XP level 1. HP: 15/15 MP: 0/0
   276 | D:1      | Reached XP level 2. HP: 12/21 MP: 0/0
   862 | D:1      | Reached skill level 3 in Dodging
   862 | D:1      | Reached XP level 3. HP: 22/25 MP: 0/0
   862 | D:1      | Learned a level 1 spell: Necrotise
  2261 | D:2      | Reached XP level 4. HP: 25/31 MP: 0/0
  3368 | D:3      | Reached skill level 4 in Dodging
  3369 | D:3      | Reached XP level 5. HP: 30/35 MP: 0/0
  3369 | D:3      | Learned a level 2 spell: Call Imp
  3664 | D:3      | Found Ytytaom's Magic Scroll Emporium.
  3672 | D:3      | Bought a scroll of identify for 28 gold pieces
  4105 | D:3      | Found a faded altar of an unknown god.
  4509 | D:4      | Reached XP level 6. HP: 30/40 MP: 0/0
  4516 | D:4      | Reached skill level 5 in Dodging
  5108 | D:4      | Noticed Ijyb
  5110 | D:4      | Noticed Eustachio
  5311 | D:4      | Found a broken altar of Ashenzari.
  5332 | D:4      | Reached XP level 7. HP: 21/45 MP: 0/0
  5332 | D:4      | Learned a level 2 spell: Ensorcelled Hibernation
  5471 | D:4      | Blown up by Ijyb

Illustrated notes

Levels and vault maps discovered:
D:1:      minmay_arrival_widening_spiral_wide, layout_loops_ring
D:2:      layout_basic, kennysheep_generic_room_10
D:3:      layout_basic, serial_shops, shop,
          hellmonk_ecumenical_altar_leap_of_faith
D:4:      layout_cave_pools, lemuel_coloured_pillars_altar, uniq_ijyb,
          uniq_eustachio

Skill      XL: |  1  2  3  4  5  6 |
---------------+-------------------+-----
Dodging        | 3 4 5 |  5.7
Spellcasting   | 4 |  4.9
Stealth        | |  1.5

Action                   |  1- 3 |  4- 6 |  7- 9 || total
-------------------------+-------+-------+-------++-------
Melee: Unarmed           |    11 |       |       ||    11
       Club              |    42 |    52 |       ||    94
       Punch             |     1 |     1 |       ||     2
       Rapier            |       |    18 |       ||    18
 Cast: Freeze            |    30 |    24 |       ||    54
       Frozen Ramparts   |     5 |    19 |       ||    24
       Hailstorm         |       |     5 |     1 ||     6
       Necrotise         |       |     3 |       ||     3
       Ozocubu's Armour  |       |     1 |     1 ||     2
  Use: Scroll            |       |     7 |     1 ||     8
 Stab: Sleeping          |     2 |     2 |       ||     4
Armor: Robe              |    26 |    24 |       ||    50
Dodge: Dodged            |    64 |   105 |       ||   169
